 Dungeon Crawl Stone Soup version 0.28-a0-167-g7eff39e849 (webtiles) character file.

Game seed: 12015316935079976269

6 Nattfarinn the Stinger (level 1, 0/13 HPs)
             Began as a Demonspawn Venom Mage on Aug 16, 2021.
             Slain by a jackal (2 damage)
             ... on level 1 of the Dungeon.
             The game lasted 00:00:48 (163 turns).

Nattfarinn the Stinger (Demonspawn Venom Mage)       Turns: 163, Time: 00:00:48

Health: 0/13       AC:  2    Str:  8    XL:     1   Next: 75%
Magic:  0/3        EV: 12    Int: 16    God:
Gold:   10         SH:  0    Dex: 13    Spells: 3/4 levels left

rFire   . . .      SeeInvis .   c - +0 club
rCold   . . .      Faith    .   (no shield)
rNeg    . . .      Spirit   .   a - +0 robe
rPois   .          Reflect  .   (no helmet)
rElec   .          Harm     .   (no cloak)
rCorr   .          Rampage  .   (no gloves)
Will    .....                   (no boots)
Stlth   ++........              (no amulet)
HPRegen 0.04/turn               (no ring)
MPRegen 0.08/turn               (no ring)

@: no status effects
A: no striking features
a: no special abilities


You were on level 1 of the Dungeon.
You visited 1 branch of the dungeon, and saw 1 of its levels.

You collected 10 gold pieces.

Inventory:

Hand Weapons
 c - a +0 club (weapon)
Armour
 a - a +0 robe (worn)


   Skills:
 - Level 1.7 Dodging
 - Level 1.7 Stealth
 - Level 2.0 Spellcasting
 * Level 1.4 Transmutations
 + Level 3.1 Poison Magic


You had 3 spell levels left.
You knew the following spells:

 Your Spells              Type           Power      Damage    Failure   Level
a - Sting                 Tmut/Pois      32%        1d4       9%          1

Your spell library contained the following spells:

 Spells                   Type           Power      Damage    Failure   Level
 Poisonous Vapours        Pois/Air       12%        N/A       17%         2
 Freeze                   Ice            4%         1d3       21%         1
 Spider Form              Tmut/Pois      4%         N/A       24%         3
 Mephitic Cloud           Conj/Pois/Air  4%         N/A       38%         3
 Olgreb's Toxic Radiance  Pois           11%        N/A       50%         4


Dungeon Overview and Level Annotations

Branches:
Dungeon (1/15)

Altars:


Message History

The jackal barks! x2
The sting hits the jackal but does no damage.
The jackal is poisoned.
The jackal bites you but does no damage.
You hit the jackal.
The jackal is almost dead.
You kill the jackal!
The jackal misses you. The jackal closely misses you.
The jackal barely misses you. The jackal bites you.
The jackal barely misses you.
The sting hits the jackal.
The jackal is poisoned.
The jackal is severely wounded.
The jackal bites you. The jackal closely misses you.
Casting: Sting (safe; 9% risk of failure)
Confirm with . or Enter, or press ? or * to list all spells.
Aiming: Sting (safe; 9% risk of failure)
Press: ? - help, Shift-Dir - straight line, f - jackal, p - jackal
Aim: a jackal (60% to hit)
The sting misses the jackal.
The jackal closely misses you. The jackal bites you.
* * * LOW HITPOINT WARNING * * *
The jackal bites you.
* * * LOW HITPOINT WARNING * * *
You kill the jackal!
The jackal closely misses you. The jackal misses you.
As you read the scroll labelled WEAFILLYOMP, it crumbles to dust.
You hear a loud clanging noise!
It was a scroll of noise.
You hear an angry hiss.
The jackal bites you but does no damage.
You aren't carrying any potions.
The jackal closely misses you.
You hit the jackal but do no damage. The jackal closely misses you.
You hit the jackal.
The jackal is lightly wounded.
The jackal bites you but does no damage.
The jackal bites you.
You die...

#########################
........................#
.........†..............#
#...#####...####...##...#
#...# #...# #h..##...#
#...# #...####@.......#
#...#####........>......#
#.......................#
..............#######...#
......#####...# ...#
###...# #...# ..# #...#
#...# .h# ###...# #...#
....... .....


You could see a jackal.

Vanquished Creatures
  A goblin (D:1)
  3 jackals (D:1)
  A rat (D:1)
5 creatures vanquished.

Notes
Turn   | Place    | Note
-------+----------+-------------------------------------------
     0 | D:1      | Nattfarinn the Demonspawn Venom Mage began the quest for
                  | the Orb.
     0 | D:1      | Reached XP level 1. HP: 13/13 MP: 3/3
     4 | D:1      | Got the Tome of Congealing Poison
    84 | D:1      | Reached skill level 1 in Transmutations
   163 | D:1      | Slain by a jackal

Illustrated notes

Levels and vault maps discovered:
D:1:      dpeg_arrival_boxorama, layout_basic, minmay_misc_feat_enclosed,
          minmay_misc_feat_room, minmay_rat_gold_closets

Skill      XL: |  1 |
---------------+----+-----
Transmutations | 1 |  1.4
Dodging        | |  1.7
Stealth        | |  1.7
Spellcasting   | |  2.0
Poison Magic   | |  3.1

Action                   || total
-------------------------++-------
Melee: Club              ||     7
 Cast: Sting             ||     9
  Use: Scroll            ||     1
Armor: Robe              ||     7
Dodge: Dodged            ||    17

Table legend: (Time is in decaauts)
 A = Elapsed time spent in this place.
 B = Non-inter-level travel time spent in this place.
 C = Inter-level travel time spent in this place.
 D = Time resting spent in this place.
 E = Time spent auto-exploring this place.
 F = Levels seen in this place.
 G = Mean time per level.
                   A        B        C        D        E       F      G
               +--------+--------+--------+--------+--------+-----+--------+
         Total |    164 |    164 |      0 |      0 |    111 |   1 |  164.0 |
       Dungeon |    164 |    164 |      0 |      0 |    111 |   1 |  164.0 |
               +--------+--------+--------+--------+--------+-----+--------+

Top non-repeatable levels by time:
     D:1: 164 daAuts
